AoeStats
← Animal Mother

Arabia

506961573Analyzed
4v4 RM · 18d ago on Sep 16, 2026· 18m 42s· 8 players
Game mode
Random Map
Map size
Large (8 player)
Population
200
Speed
Normal
Resources
Standard
Victory
Conquest
Starting age
Dark Age
Ending age
Imperial Age
RankedLock teamsTeams togetherTeam positionsShared explorationLock speedFull tech treeHidden civsTurbo modeCheats
Victory
Defeat
🇲🇽 Franks · Mexico
832
+13
🇺🇸 Shu · United States
794
+15
🇺🇸 Ethiopians · United States
787
+15
🇺🇸 Mongols · United States
749
+17
🇨🇱 Khmer · Chile
828
-17
🇵🇪 Inca · Peru
777
-15
🇺🇸 Berbers · United States
738
-14
🇹🇷 Britons · Türkiye
738
-14
ItsRiZeTV
5:44 Loom
13:05 Feudal Age
15:52 Double-Bit Axe
17:24 Horse Collar
18:33 Scale Mail Armor
BasicOrc4106
2:14 Loom
13:28 Feudal Age
14:01 Horse Collar
14:12 Double-Bit Axe
15:52 Gold Mining
19:51 Castle Age
19:15 Wheelbarrow
18:26 Town Watch
Animal Mother
13:16 Feudal Age
11:31 Loom
HTELRA6828
5:17 Loom
10:36 Feudal Age
11:34 Double-Bit Axe
13:55 Wheelbarrow
ZeroFuqsGiven
4:39 Loom
11:16 Feudal Age
14:08 Bloodlines
dorodo
8:31 Feudal Age
9:43 Double-Bit Axe
9:42 Horse Collar
19:34 Castle Age
Poexs
10:56 Feudal Age
15:36 Castle Age
13:38 Double-Bit Axe
16:45 Bow Saw
18:08 Town Watch
Jx
0:28 Loom
14:31 Feudal Age
14:47 Feudal Age
17:11 Wheelbarrow
16:21 Town Watch
16:20 Horse Collar
16:26 Double-Bit Axe
Connection lost

Rejoining the realm…

Still unreachable

The connection could not be restored.

Session expired

The server has moved on; the page needs a fresh start.